 Dungeon Crawl Stone Soup version 0.19.5 (webtiles) character file.

58998 Rrauwl the Swashbuckler (level 15, -3/97 HPs)
             Began as a Halfling Warper on Mar 14, 2017.
             Was a High Priest of Okawaru.
             Slain by a sun demon (15 damage)
             ... on level 6 of the Lair of Beasts.
             The game lasted 02:44:28 (21865 turns).

Rrauwl the Swashbuckler (Halfling Warper)          Turns: 21865, Time: 02:44:29

Health: -3/97      AC: 14    Str: 17    XL:     15   Next: 32%
Magic:  14/19      EV: 25    Int: 16    God:    Okawaru [*****.]
Gold:   1070       SH:  9    Dex: 17    Spells: 5 memorised, 7 levels left

rFire  . . .     SeeInvis .     m - +1 rapier (drain)
rCold  . . .     Gourm    .     n - +1 troll leather armour
rNeg   + . .     Faith    .     a - +0 buckler
rPois  .         Spirit   .     s - +1 hat
rElec  .         Reflect  .     D - +0 cloak
rCorr  +         Harm     .     A - +3 pair of gauntlets of War {Slay+5}
MR     +....                    (no boots)
Stlth  ++++......               i - amulet of magic regeneration
                                Q - ring of Heaff {rN+ Str+3 Int+3}
                                H - ring of resist corrosion

@: heroism, finesse
A: mutation resistance 1
a: Heroism, Finesse, Renounce Religion


You were on level 6 of the Lair of Beasts.
You worshipped Okawaru.
Okawaru was extremely pleased with you.
You were hungry.

You visited 2 branches of the dungeon, and saw 17 of its levels.
You also visited: Ossuary.

You collected 1070 gold pieces.

Inventory:

Hand Weapons
 m - a +1 rapier of draining (weapon)
 y - a +3 hunting sling of velocity
Missiles
 t - 387 sling bullets
 M - 5 exploding tomahawks (quivered)
Armour
 a - a +0 buckler (worn)
 n - a +1 troll leather armour (worn)
 s - a +1 hat (worn)
 A - the +3 pair of gauntlets of War (worn) {Slay+5}
   (Okawaru gifted it to you on level 4 of the Lair of Beasts)

   It affects your accuracy and damage with ranged weapons and melee attacks
   (+5).
 D - a +0 cloak (worn)
Jewellery
 i - an amulet of magic regeneration (around neck)
 H - a ring of resist corrosion (left hand)
 Q - the ring of Heaff (right hand) {rN+ Str+3 Int+3}
   (You found it on level 1 of the Lair of Beasts)

   [ring of intelligence]

   It affects your strength (+3).
   It affects your intelligence (+3).
   It protects you from negative energy.
Wands
 f - a wand of disintegration (10/24)
 h - a wand of teleportation (3/9)
 p - a wand of iceblast (5/15)
 u - a wand of confusion (14/48)
 z - a wand of polymorph (9/24)
 B - a wand of acid (8/15)
 K - a wand of disintegration (8/24)
 T - a wand of lightning (10/15)
 U - a wand of random effects (37/48)
Scrolls
 b - a scroll of silence
 d - 4 scrolls of blinking
 k - a scroll of noise
 o - 2 scrolls of remove curse
 r - 15 scrolls of identify
 v - 12 scrolls of teleportation
 E - 4 scrolls of recharging
 G - 2 scrolls of vulnerability
 J - a scroll of fear
Potions
 e - a potion of lignification
 l - a potion of mutation
 q - 2 potions of brilliance
 w - 4 potions of flight
 x - a potion of haste
 P - a potion of resistance
Books
 c - a book of Spatial Translocations

   Spells                             Type                      Level
   a - Blink                          Translocation                2
   b - Shroud of Golubria             Charms/Translocation         2
   c - Lesser Beckoning               Translocation                3
   d - Portal Projectile              Translocation                3
   e - Teleport Other                 Translocation                3
   f - Passage of Golubria            Translocation                4
 O - a book of Flames

   Spells                             Type                      Level
   a - Flame Tongue                   Conjuration/Fire             1
   b - Throw Flame                    Conjuration/Fire             2
   c - Conjure Flame                  Conjuration/Fire             3
   d - Inner Flame                    Hexes/Fire                   3
   e - Sticky Flame                   Conjuration/Fire             4
   f - Fireball                       Conjuration/Fire             5
 R - a book of Air

   Spells                             Type                      Level
   a - Shock                          Conjuration/Air              1
   b - Swiftness                      Charms/Air                   2
   c - Repel Missiles                 Charms/Air                   2
   d - Static Discharge               Conjuration/Air              3
   e - Lightning Bolt                 Conjuration/Air              5
Miscellaneous
 g - a phantom mirror
Comestibles
 j - 7 slices of pizza
 C - a meat ration
 F - 9 fruits
 N - 2 beef jerkies


   Skills:
 + Level 7.0(12.0) Fighting
 + Level 15.8(20.8) Short Blades
 - Level 13.0(18.0) Slings
 - Level 1.0(11.0) Throwing
 - Level 9.3(14.3) Armour
 - Level 9.0(14.0) Dodging
 - Level 5.0(10.0) Stealth
 - Level 8.0(13.0) Shields
 - Level 2.1 Spellcasting
 + Level 6.8 Charms
 + Level 6.9 Translocations
 - Level 3.0 Air Magic
 - Level 6.0 Invocations
 - Level 5.0 Evocations


You had 7 spell levels left.
You knew the following spells:

 Your Spells              Type           Power        Failure   Level  Hunger
a - Blink                 Tloc           N/A          1%          2    ###....
b - Portal Projectile     Tloc           ###...       4%          3    ###....
c - Swiftness             Chrm/Air       ###.....     4%          2    ###....
d - Repel Missiles        Chrm/Air       ###...       4%          2    ###....
e - Shroud of Golubria    Chrm/Tloc      ###.......   2%          2    ###....


Dungeon Overview and Level Annotations

Branches:
Dungeon (11/15)            Temple (0/1) D:7            Lair (6/6) D:9
 Shoals (0/4) Lair:2       Spider (0/4) Lair:4        Slime (0/5) Lair:6
    Orc (0/2) D:11

Altars:
Ashenzari
Cheibriados
Makhleb
Nemelex Xobeh
Okawaru
Qazlal
Trog
Zin
The Shining One
Jiyva

Shops:
D:7 [


Innate Abilities, Weirdness & Mutations

You are small and have problems with some larger weapons.
You are somewhat resistant to further mutation.


Message History

The sun demon is almost dead.
You can now deal lightning-fast blows.
The sun demon closely misses you. You block the sun demon's attack.
You barely miss the sun demon.
The sun demon is almost dead.
You barely miss the sun demon.
The sun demon is almost dead.
You barely miss the sun demon.
The sun demon is almost dead.
You completely miss the sun demon.
The sun demon is almost dead.
The sun demon completely misses you.
You hit the sun demon.
The sun demon is almost dead.
You hit the sun demon but do no damage.
The sun demon is almost dead.
The sun demon hits you!!
* * * LOW HITPOINT WARNING * * *
You are engulfed in flames!
You die...

.♣ ..( ♣ ♣...♣♣♣ ♣♣♣♣
♣....♣♣♣... ♣.......♣
#######++###### ♣♣♣.♣♣.♣♣
#.............#########'♣♣♣♣♣
#....8....8..@#........#♣
#.............3.).8.8..#
###############..8.8...#
.......#...8.8..#
.......#..8.8...#
.._....'...8.8..#
.§.....#.)8.8...#
≈§§§...#........#
≈§≈§#############


You could see a sun demon.

Vanquished Creatures
  Kirke (Lair:6)
  Nessos (Lair:5)
  3 hydras
  Harold (Lair:2)
  A catoblepas (Lair:5)
  The ghost of ugelson the Spear-Bearer, a novice MiFi of Okawaru (D:9)
  7 death yaks (Lair:6)
  Nergalle (Lair:2)
  A sixfirhy (Lair:6)
  A wizard (Lair:6)
  3 hill giants
  Maurice (D:9)
  A siren (Lair:2)
  24 elephants
  9 black mambas
  2 orange demons (Lair:6)
  A smoke demon (Lair:6)
  12 spiny frogs
  2 rime drakes (Lair:6)
  4 torpor snails (Lair:6)
  Psyche (D:8)
  8 komodo dragons
  4 ice devils (Lair:6)
  A red devil (Lair:6)
  5 trolls
  Grinder (D:4)
  2 jumping spiders (Lair:4)
  A two-headed ogre (D:10)
  A polar bear (Lair:6)
  3 dream sheep (Lair:6)
  5 slime creatures (D:11)
  Prince Ribbit (Lair:1)
  18 blink frogs
  4 hippogriffs
  A spriggan (D:10)
  4 wyverns
  4 hogs (Lair:6)
  A basilisk (Lair:5)
  20 yaks
  Grum (Lair:1)
  2 hungry ghosts
  A warg (D:11)
  A hell hound (Lair:6)
  16 water moccasins
  Duvessa (D:5)
  7 porcupines
  5 sky beasts
  An orc warrior (D:11)
  2 black bears
  An eye of draining (D:11)
  3 ice beasts
  5 necrophages
  A phantom (D:8)
  3 ogres
  3 wolves (Lair:1)
  12 centaurs
  12 crocodiles
  Blork the orc (D:4)
  An elf zombie (D:6)
  23 bullfrogs
  A wyvern zombie (D:7)
  3 scorpions
  Dowan (D:5)
  6 wights
  9 killer bees
  12 howler monkeys
  4 crimson imps
  2 electric eels
  A centaur zombie (D:11)
  3 quasits
  3 human zombies (D:6)
  4 hounds
  7 orc priests
  4 jellies
  2 bullfrog skeletons
  2 centaur skeletons (D:7)
  A human skeleton (D:6)
  5 iguanas
  10 orc wizards
  6 worker ants
  8 big kobold zombies (Ossuary)
  3 hound skeletons
  A mummy (Ossuary)
  A worker ant zombie (D:9)
  10 adders
  2 shadow imps
  3 oozes
  6 worms
  A dart slug (D:1)
  5 leopard geckos
  25 orcs
  4 spectral bats (Ossuary)
  A ball python (D:5)
  3 giant cockroaches
  4 gnoll zombies (Ossuary)
  9 goblins
  8 hobgoblins
  20 jackals
  4 quokkas
  8 bats
  A bat simulacrum (Ossuary)
  2 frilled lizards
  3 goblin simulacra (Ossuary)
  5 goblin zombies (Ossuary)
  2 hobgoblin zombies (Ossuary)
  6 kobolds
  4 kobold simulacra (Ossuary)
  7 kobold zombies (Ossuary)
  A leopard gecko skeleton (D:7)
  5 orc zombies
  A quokka skeleton (D:6)
  11 rats
  3 rat simulacra (Ossuary)
  2 spectral goblins (Ossuary)
  2 spectral kobolds (Ossuary)
  5 spectral rats (Ossuary)
536 creatures vanquished.

Vanquished Creatures (others)
  A big kobold (D:8)
  A killer bee (D:11)
  5 kobolds (D:8)
  14 fungi
  12 plants
33 creatures vanquished.

Grand Total: 569 creatures vanquished

Notes
Turn   | Place    | Note
-------+----------+-------------------------------------------
     0 | D:1      | Rrauwl the Halfling Warper began the quest for the Orb.
     0 | D:1      | Reached XP level 1. HP: 14/14 MP: 3/3
   209 | D:1      | Reached XP level 2. HP: 15/19 MP: 4/4
   588 | D:1      | Reached XP level 3. HP: 22/24 MP: 5/5
   839 | D:2      | Reached skill level 3 in Short Blades
   846 | D:2      | Learned a level 2 spell: Blink
  1513 | D:2      | Reached XP level 4. HP: 30/30 MP: 6/6
  1986 | D:2      | Reached skill level 1 in Slings
  2374 | D:3      | Reached skill level 4 in Short Blades
  2374 | D:3      | Reached XP level 5. HP: 36/36 MP: 7/7
  3621 | D:4      | Found an iron altar of Okawaru.
  3625 | D:4      | Found a shattered altar of Ashenzari.
  3626 | D:4      | Found a stormy altar of Qazlal.
  3630 | D:4      | Found a glowing golden altar of the Shining One.
  3631 | D:4      | Found a glowing silver altar of Zin.
  3633 | D:4      | Found a sparkling altar of Nemelex Xobeh.
  3634 | D:4      | Found a bloodstained altar of Trog.
  3647 | D:4      | Became a worshipper of Warmaster Okawaru
  3661 | D:4      | Learned a level 2 spell: Blink
  3859 | D:4      | Reached XP level 6. HP: 42/42 MP: 8/8
  4069 | D:4      | Noticed Blork the orc
  4078 | D:4      | Killed Blork the orc
  4120 | D:4      | Noticed Grinder
  4140 | D:4      | Killed Grinder
  4140 | D:4      | Reached * piety under Okawaru
  4140 | D:4      | Reached skill level 5 in Short Blades
  4140 | D:4      | Reached skill level 5 in Slings
  4140 | D:4      | Reached XP level 7. HP: 29/46 MP: 10/10
  4543 | D:5      | Entered Level 5 of the Dungeon
  4572 | D:5      | Reached skill level 6 in Short Blades
  4652 | D:5      | Got a translucent dagger
  4653 | D:5      | Identified the cursed +1 dagger "Fomeoz" {drain, MR+ Dex-4 Stlth+} (You found it on level 5 of the Dungeon)
  4872 | D:5      | Noticed Dowan
  4878 | D:5      | Killed Dowan
  4882 | D:5      | Noticed Duvessa
  4895 | D:5      | Killed Duvessa
  4895 | D:5      | Reached XP level 8. HP: 39/52 MP: 11/11
  5084 | D:6      | Reached ** piety under Okawaru
  5103 | D:6      | Gained mutation: You expend magic power (3 MP) to strengthen your wands. [potion of mutation]
  5140 | D:6      | Reached skill level 7 in Short Blades
  5148 | D:6      | Got a crystal war axe
  5149 | D:6      | Identified the +5 war axe "Analoq" {chop, rElec} (You found it on level 6 of the Dungeon)
  5259 | D:6      | Reached skill level 1 in Invocations
  5259 | D:6      | Reached skill level 1 in Evocations
  5340 | D:6      | Found a sand-covered staircase.
  5431 | Ossuary  | Entered an ossuary
  6331 | D:6      | Noticed a moth of wrath
  6346 | D:6      | Reached skill level 8 in Short Blades
  6352 | D:6      | Found a bloodstained altar of Trog.
  6518 | D:6      | Reached XP level 9. HP: 56/56 MP: 12/12
  7105 | D:7      | Found a staircase to the Ecumenical Temple.
  7187 | D:7      | Reached skill level 10 in Slings
  7223 | D:7      | Reached *** piety under Okawaru
  7223 | D:7      | Reached skill level 9 in Short Blades
  7334 | D:7      | Reached skill level 1 in Shields
  7424 | D:7      | Found Niemeny's Armour Boutique.
  7524 | D:7      | Received a gift from Okawaru
  7811 | D:8      | Noticed Psyche
  8107 | D:8      | Killed Psyche
  8107 | D:8      | Reached XP level 10. HP: 51/62 MP: 13/13
  8218 | D:8      | Reached **** piety under Okawaru
  8218 | D:8      | Received a gift from Okawaru
  8519 | D:8      | Received a gift from Okawaru
  8858 | D:9      | Noticed a hill giant
  8875 | D:9      | Noticed an elephant
  8898 | D:9      | Killed a hill giant
  8898 | D:9      | Received a gift from Okawaru
  8898 | D:9      | Reached skill level 10 in Short Blades
  8968 | D:9      | Killed an elephant
  8968 | D:9      | Reached skill level 5 in Armour
  9169 | D:9      | Found a staircase to the Lair.
  9176 | D:9      | Gained mutation: You are frail. (-10% HP) [potion of mutation]
  9178 | D:9      | Lost mutation: You expend magic power (3 MP) to strengthen your wands. [potion of cure mutation]
  9178 | D:9      | Lost mutation: You are frail. (-10% HP) [potion of cure mutation]
  9189 | D:9      | Reached skill level 5 in Dodging
  9291 | D:9      | Reached skill level 5 in Fighting
  9291 | D:9      | Reached XP level 11. HP: 37/71 MP: 14/14
  9300 | D:9      | Noticed ugelson's ghost (novice MiFi)
  9368 | D:10     | Entered Level 10 of the Dungeon
  9726 | D:10     | Received a gift from Okawaru
 10024 | D:10     | Reached skill level 5 in Shields
 10299 | D:9      | Noticed Maurice
 10334 | D:9      | Killed Maurice
 10334 | D:9      | Received a gift from Okawaru
 10529 | D:9      | Reached ***** piety under Okawaru
 11007 | D:9      | Received a gift from Okawaru
 11077 | Lair:1   | Entered Level 1 of the Lair of Beasts
 11082 | Lair:1   | Noticed Prince Ribbit
 11116 | Lair:1   | Received a gift from Okawaru
 11154 | Lair:1   | Killed Prince Ribbit
 11292 | Lair:1   | Reached skill level 11 in Short Blades
 11618 | Lair:1   | Noticed Grum
 11637 | Lair:1   | Received a gift from Okawaru
 11649 | Lair:1   | Reached XP level 12. HP: 32/77 MP: 15/15
 11679 | Lair:1   | Killed Grum
 12436 | Lair:1   | Got a bound silver ring
 12547 | Lair:1   | Received a gift from Okawaru
 12548 | Lair:1   | Got a slimy robe {god gift}
 12559 | Lair:1   | Identified the +0 robe of Pessimism {Str+3} (Okawaru gifted it to you on level 1 of the Lair of Beasts)
 12778 | Lair:1   | Identified the ring of Heaff {rN+ Str+3 Int+3} (You found it on level 1 of the Lair of Beasts)
 12803 | Lair:1   | Learned a level 3 spell: Portal Projectile
 12894 | D:9      | Killed ugelson's ghost
 14144 | D:11     | Reached skill level 1 in Stealth
 14421 | D:11     | Found a staircase to the Orcish Mines.
 14956 | D:11     | Reached skill level 12 in Short Blades
 15232 | D:11     | Learned a level 2 spell: Swiftness
 15235 | D:11     | Learned a level 2 spell: Repel Missiles
 15490 | Lair:2   | Noticed a six-headed hydra
 15557 | Lair:2   | Noticed Nergalle
 15575 | Lair:2   | Killed a six-headed hydra
 15575 | Lair:2   | Reached skill level 1 in Charms
 15575 | Lair:2   | Reached skill level 1 in Air Magic
 15575 | Lair:2   | Reached XP level 13. HP: 75/81 MP: 14/16
 15619 | Lair:2   | Killed Nergalle
 15619 | Lair:2   | Received a gift from Okawaru
 15699 | Lair:2   | Received a gift from Okawaru
 15842 | Lair:2   | Noticed Harold
 15862 | Lair:2   | Killed Harold
 15959 | Lair:2   | Found a staircase to the Shoals.
 15983 | Lair:2   | Reached skill level 5 in Stealth
 17457 | Lair:4   | Noticed a five-headed hydra
 17466 | Lair:4   | Received a gift from Okawaru
 17466 | Lair:4   | Reached skill level 5 in Invocations
 17467 | Lair:4   | Reached skill level 13 in Short Blades
 17640 | Lair:4   | Received a gift from Okawaru
 17705 | Lair:4   | Killed a five-headed hydra
 17765 | Lair:4   | Found a hole to the Spider Nest.
 17879 | Lair:4   | Learned a level 2 spell: Shroud of Golubria
 18716 | Lair:5   | Noticed a catoblepas
 18745 | Lair:5   | Killed a catoblepas
 18853 | Lair:5   | Reached skill level 14 in Short Blades
 18853 | Lair:5   | Reached XP level 14. HP: 83/88 MP: 16/18
 19040 | Lair:5   | Noticed Nessos
 19085 | Lair:5   | Killed Nessos
 19605 | Lair:5   | Reached skill level 15 in Short Blades
 19736 | Lair:5   | Received a gift from Okawaru
 19935 | Lair:5   | Received a gift from Okawaru
 20398 | Lair:6   | Entered Level 6 of the Lair of Beasts
 20427 | Lair:6   | Received a gift from Okawaru
 20437 | Lair:6   | Reached skill level 5 in Translocations
 20446 | Lair:6   | Received a gift from Okawaru
 20464 | Lair:6   | Reached skill level 5 in Charms
 20607 | Lair:6   | Found a staircase to the Slime Pits.
 20608 | Lair:6   | Found a viscous altar of Jiyva.
 20664 | Lair:6   | Noticed Kirke
 20763 | Lair:6   | Received a gift from Okawaru
 21043 | Lair:6   | Reached XP level 15. HP: 89/95 MP: 17/19
 21059 | Lair:6   | Received a gift from Okawaru
 21192 | Lair:6   | Found a snail-covered altar of Cheibriados.
 21371 | Lair:6   | Killed Kirke
 21371 | Lair:6   | Received a gift from Okawaru
 21661 | Lair:6   | Found a burning altar of Makhleb.
 21823 | Lair:6   | Reached skill level 5 in Evocations
 21865 | Lair:6   | Slain by a sun demon

Skill      XL: |  1  2  3  4  5  6  7  8  9 10 11 12 13 14 15 |
---------------+----------------------------------------------+-----
Fighting       | 2 3 5 6 7 |  7.0
Armour         | 2 3 5 6 8 9 |  9.3
Short Blades   | 3 4 5 6 8 9 10 11 12 14 15 | 15.8
Slings         | 1 3 5 7 9 10 11 12 13 | 13.0
Spellcasting   | 2 |  2.1
Invocations    | 1 4 6 |  6.0
Evocations     | 1 2 3 4 5 |  5.0
Translocations | 4 6 |  6.9
Shields        | 2 4 6 7 8 |  8.0
Dodging        | 3 5 6 8 9 |  9.0
Stealth        | 3 5 |  5.0
Charms         | 1 4 6 |  6.8
Air Magic      | 1 3 |  3.0
Throwing       | |  1.0

Action                   |  1- 3 |  4- 6 |  7- 9 | 10-12 | 13-15 || total
-------------------------+-------+-------+-------+-------+-------++-------
Melee: Short sword       |   121 |    84 |       |   177 |       ||   382
       Dagger            |       |    51 |   152 |   446 |       ||   649
       War axe           |       |       |    29 |       |       ||    29
       Hunting sling     |       |       |       |     1 |       ||     1
       Rapier            |       |       |       |   438 |  1151 ||  1589
       Punch             |       |       |       |     1 |       ||     1
 Fire: Hunting sling     |       |    60 |   296 |   342 |    61 ||   759
Throw: Tomahawk          |       |       |       |     3 |     2 ||     5
 Cast: Blink             |       |       |       |     9 |     1 ||    10
       Shroud of Golubri |       |       |       |       |     6 ||     6
       Swiftness         |       |       |       |       |     3 ||     3
       Repel Missiles    |       |       |       |       |     2 ||     2
Invok: Heroism           |       |       |     1 |    14 |    18 ||    33
       Finesse           |       |       |       |     6 |     5 ||    11
Evoke: Wand              |       |       |       |     5 |     2 ||     7
  Use: Potion            |     3 |     3 |     7 |    12 |     3 ||    28
       Scroll            |     1 |     8 |     6 |     7 |     5 ||    27
 Stab: Sleeping          |       |       |       |       |    14 ||    14
       Distracted        |       |       |       |       |     1 ||     1
  Eat: Chunk             |     2 |     7 |     6 |    11 |    11 ||    37
       Fruit             |       |     1 |     2 |       |     1 ||     4
       Beef jerky        |       |       |     1 |       |     1 ||     2
       Royal jelly       |       |       |     1 |       |       ||     1
       Bread ration      |       |       |     1 |     2 |     1 ||     4
       Pizza             |       |       |       |     1 |     2 ||     3
       Meat ration       |       |       |       |     1 |       ||     1
Armor: Leather armour    |    11 |       |       |       |       ||    11
       Ring mail         |    14 |    32 |    51 |    26 |       ||   123
       Skin              |       |       |       |     7 |       ||     7
       Troll leather arm |       |       |       |   105 |   106 ||   211
Dodge: Dodged            |    71 |    58 |    94 |   552 |   466 ||  1241
       Deflected         |       |       |       |       |     2 ||     2
Block: Buckler           |       |     4 |    29 |   223 |   223 ||   479
